General information
- name: BNet
- type: Ladder team game (AT/RT)
- host: Battle.net
- saver: ToweredCoward
map: Deadlands
- players: 8
- length: 49:39
- speed: Fast
- version: 1.27 W3XP
- replay type: Public
» download(288 KB)
Players
team 1 (winner)

»
bale (
blue | 124 APM | 1964 actions | 15:48)
4 Tauren Chieftain
2 Endurance Aura
2 War Stomp
2 Shadow Hunter
1 Healing Wave
1 Hex
1 Naga Sea Witch
1 Forked Lightning
» actions
| Assign group hotkey | 520 | |
| Build / train | 91 | |
| ESC pressed | 4 | |
| Enter build submenu | 28 | |
| Enter hero's abilities submenu | 7 | |
| Remove unit from queue | 7 | |
| Right click | 798 | |
| Select / deselect | 192 | |
| Select group hotkey | 199 | |
| Use ability | 118 | |
1964 total
» units
| Peon | 9 | |
| Troll Headhunter/Berserker | 22 | |
| Goblin Shredder | 7 | |
38 total
» upgrades
| Ranged Weapons | 3 | |
| Armor | 2 | |
| Troll Regeneration | 1 | |
| Reinforced Defenses | 1 | |
| Berserker Upgrade | 1 | |
| Burning Oil | 1 | |
| War Drums Damage Increase | 1 | |
10 total
» buildings
| War Mill | 2 | |
| Altar of Storms | 1 | |
| Orc Burrow | 6 | |
| Barracks | 3 | |
| Voodoo Lounge | 1 | |
| Stronghold | 4 | |
| Great Hall | 1 | |
| Watch Tower | 7 | |
| Fortress | 4 | |
| Beastiary | 2 | |
| Spirit Lodge | 2 | |
33 total
» build order
00:28 War Mill
00:42 Altar of Storms
00:55 Orc Burrow
01:08 Barracks
02:01 Orc Burrow
02:05 Voodoo Lounge
02:46 Orc Burrow
03:36 Stronghold
03:36 Stronghold
03:36 Stronghold
06:06 Orc Burrow
08:00 Great Hall
08:31 Watch Tower
08:32 Watch Tower
08:33 Watch Tower
08:39 Watch Tower
09:10 Fortress
09:10 Fortress
09:58 Watch Tower
09:59 Watch Tower
10:44 Watch Tower
12:02 Barracks
12:04 Beastiary
12:07 Barracks
12:10 Beastiary
12:13 Spirit Lodge
12:20 Spirit Lodge
15:10 War Mill
15:13 Orc Burrow
15:15 Orc Burrow
» items
| Healing Salve | 4 | |
| Lesser Clarity Potion | 2 | |
| Scroll of Town Portal | 3 | |
| Periapt of Vitality | 1 | |
| Circlet of Nobility | 1 | |
| Scroll of Healing | 2 | |
| Scroll of Protection | 1 | |
| Potion of Lesser Invulnerability | 1 | |
15 total

»
BoyKrogan (
red | 46 APM | 2308 actions | 49:39)
10 Blademaster
3 Wind Walk
3 Critical Strike
1 Bladestorm
3 Mirror Image
2 Naga Sea Witch
1 Forked Lightning
1 Frost Arrows
1 Tauren Chieftain
1 Endurance Aura
» actions
| Assign group hotkey | 37 | |
| Basic commands | 48 | |
| Build / train | 115 | |
| Enter build submenu | 32 | |
| Enter hero's abilities submenu | 15 | |
| Give item / drop item | 17 | |
| Right click | 1192 | |
| Select / deselect | 471 | |
| Select group hotkey | 253 | |
| Use ability | 127 | |
2308 total
» units
| Peon | 30 | |
| Grunt | 6 | |
| Tauren | 9 | |
| Shaman | 11 | |
| Hippogryph | 10 | |
| Draenei Disciple | 1 | |
| Demolisher | 3 | |
70 total
» upgrades
| Melee Weapons | 3 | |
| Shaman Training | 2 | |
| Pulverize | 1 | |
| Armor | 2 | |
| Spiked Barricades | 1 | |
| Reinforced Defenses | 1 | |
| Burning Oil | 1 | |
11 total
» buildings
| Altar of Storms | 1 | |
| Barracks | 1 | |
| Orc Burrow | 12 | |
| Voodoo Lounge | 2 | |
| War Mill | 3 | |
| Great Hall | 2 | |
| Watch Tower | 5 | |
| Stronghold | 1 | |
| Fortress | 1 | |
| Spirit Lodge | 1 | |
| Tauren Totem | 2 | |
31 total
» build order
00:08 Altar of Storms
00:12 Barracks
00:31 Orc Burrow
01:52 Orc Burrow
02:34 Voodoo Lounge
02:46 Orc Burrow
03:44 Orc Burrow
03:59 War Mill
04:19 War Mill
05:27 Great Hall
05:38 Watch Tower
05:42 Watch Tower
06:31 Stronghold
07:10 Watch Tower
07:13 Watch Tower
07:51 Orc Burrow
08:40 Watch Tower
08:55 Fortress
08:58 Spirit Lodge
10:49 War Mill
11:26 Tauren Totem
12:44 Tauren Totem
13:17 Voodoo Lounge
19:53 Orc Burrow
20:30 Orc Burrow
20:36 Orc Burrow
21:04 Orc Burrow
23:04 Orc Burrow
23:06 Orc Burrow
24:58 Orc Burrow
26:41 Great Hall
» items
| Healing Salve | 2 | |
| Orb of Lightning | 3 | |
| Scroll of Town Portal | 3 | |
| Potion of Healing | 2 | |
| Dust of Appearance | 3 | |
| Orb of Venom | 1 | |
| Scroll of Healing | 1 | |
| Boots of Speed | 1 | |
16 total
G13M (
purple | 48 APM | 2391 actions | 49:39)
7 Lich
3 Frost Nova
3 Frost Armor
1 Death and Decay
6 Naga Sea Witch
2 Frost Arrows
3 Forked Lightning
1 Tornado
2 Shadow Hunter
1 Healing Wave
1 Hex
3 Tauren Chieftain
1 Reincarnation
1 War Stomp
1 Shockwave
» actions
| Build / train | 141 | |
| Enter build submenu | 26 | |
| Enter hero's abilities submenu | 15 | |
| Remove unit from queue | 4 | |
| Right click | 1412 | |
| Select / deselect | 677 | |
| Use ability | 116 | |
2391 total
» units
| Acolyte | 13 | |
| Ghoul | 4 | |
| Crypt Fiend | 7 | |
| Obsidian Statue | 1 | |
| Frost Wyrm | 8 | |
| Hippogryph | 6 | |
| Faerie Dragon | 22 | |
| Wind Rider | 24 | |
| Shaman | 5 | |
| Chimaera | 1 | |
| Peon | 1 | |
92 total
» upgrades
| Cannibalize | 1 | |
| Web | 1 | |
| Creature Attack | 3 | |
| Creature Carapace | 2 | |
| Envenomed Spears | 1 | |
| Shaman Training | 1 | |
| Freezing Breath | 1 | |
10 total
» buildings
| Ziggurat | 14 | |
| Graveyard | 1 | |
| Crypt | 1 | |
| Altar of Darkness | 1 | |
| Nerubian Tower | 2 | |
| Tomb of Relics | 2 | |
| Halls of the Dead | 1 | |
| Spirit Tower | 6 | |
| Black Citadel | 1 | |
| Sacrificial Pit | 1 | |
| Slaughterhouse | 1 | |
| Boneyard | 4 | |
| Moon Well | 5 | |
| Chimaera Roost | 3 | |
43 total
» build order
00:19 Ziggurat
00:23 Graveyard
00:35 Crypt
01:28 Altar of Darkness
01:54 Nerubian Tower
03:08 Tomb of Relics
03:15 Ziggurat
03:24 Halls of the Dead
03:59 Ziggurat
07:30 Ziggurat
08:52 Ziggurat
08:59 Ziggurat
09:02 Ziggurat
09:06 Ziggurat
09:27 Ziggurat
09:51 Spirit Tower
09:52 Nerubian Tower
09:55 Spirit Tower
09:58 Spirit Tower
10:41 Black Citadel
10:45 Sacrificial Pit
10:53 Spirit Tower
11:29 Spirit Tower
11:31 Spirit Tower
12:13 Slaughterhouse
13:11 Boneyard
13:16 Boneyard
13:20 Boneyard
13:21 Boneyard
13:33 Tomb of Relics
27:06 Moon Well
27:07 Moon Well
27:07 Moon Well
27:07 Moon Well
27:08 Moon Well
29:07 Ziggurat
29:08 Ziggurat
29:09 Ziggurat
30:06 Ziggurat
30:06 Ziggurat
33:24 Chimaera Roost
33:27 Chimaera Roost
33:28 Chimaera Roost
» items
| Rod of Necromancy | 1 | |
| Orb of Corruption | 2 | |
| Dust of Appearance | 1 | |
4 total

»
bnets-pimp (
pink | 40 APM | 683 actions | 16:57)
4 Priestess of the Moon
2 Trueshot Aura
2 Searing Arrows
» actions
| Assign group hotkey | 49 | |
| Build / train | 66 | |
| Enter build submenu | 22 | |
| Enter hero's abilities submenu | 4 | |
| Right click | 282 | |
| Select / deselect | 186 | |
| Select group hotkey | 42 | |
| Use ability | 32 | |
683 total
» units
| Wisp | 26 | |
| Archer | 15 | |
| Hippogryph | 9 | |
50 total
» upgrades
| Strength of the Moon | 3 | |
| Improved Bows | 1 | |
| Hippogryph Taming | 1 | |
| Moon Armor | 1 | |
| Strength of the Wild | 1 | |
| Marksmanship | 1 | |
8 total
» buildings
| Moon Well | 5 | |
| Altar of Elders | 2 | |
| Ancient of War | 1 | |
| Tree of Ages | 2 | |
| Hunter's Hall | 1 | |
| Tree of Life | 1 | |
| Ancient of Wind | 2 | |
| Tree of Eternity | 1 | |
| Ancient Protector | 5 | |
| Ancient of Wonders | 2 | |
22 total
» build order
00:20 Moon Well
00:42 Altar of Elders
00:49 Altar of Elders
00:55 Ancient of War
01:22 Moon Well
02:25 Moon Well
03:10 Tree of Ages
03:10 Tree of Ages
03:52 Hunter's Hall
04:24 Moon Well
05:45 Tree of Life
05:51 Ancient of Wind
06:00 Ancient of Wind
07:17 Moon Well
10:23 Tree of Eternity
10:50 Ancient Protector
10:53 Ancient Protector
10:55 Ancient Protector
11:55 Ancient Protector
11:56 Ancient Protector
13:10 Ancient of Wonders
13:18 Ancient of Wonders
team 2 (loser)
Necropolis (
teal | 48 APM | 2375 actions | 49:39)
3 Dreadlord
2 Sleep
1 Carrion Swarm
» actions
| Assign group hotkey | 16 | |
| Basic commands | 115 | |
| Build / train | 121 | |
| ESC pressed | 14 | |
| Enter build submenu | 61 | |
| Enter hero's abilities submenu | 3 | |
| Remove unit from queue | 2 | |
| Right click | 835 | |
| Select / deselect | 975 | |
| Select group hotkey | 64 | |
| Use ability | 169 | |
2375 total
» units
| Acolyte | 30 | |
| Ghoul | 8 | |
| Necromancer | 28 | |
| Obsidian Statue | 4 | |
| Meatwagon | 8 | |
| Gargoyle | 6 | |
84 total
» upgrades
| Unholy Strength | 3 | |
| Necromancer Training | 2 | |
| Skeletal Longevity | 1 | |
| Skeletal Mastery | 1 | |
| Exhume Corpses | 1 | |
| Unholy Armor | 3 | |
| Creature Attack | 2 | |
| Creature Carapace | 1 | |
14 total
» buildings
| Crypt | 2 | |
| Ziggurat | 6 | |
| Graveyard | 11 | |
| Nerubian Tower | 5 | |
| Halls of the Dead | 9 | |
| Altar of Darkness | 3 | |
| Tomb of Relics | 2 | |
| Temple of the Damned | 3 | |
| Slaughterhouse | 3 | |
| Black Citadel | 2 | |
| Necropolis | 12 | |
58 total
» build order
00:07 Crypt
00:08 Ziggurat
00:52 Graveyard
01:04 Nerubian Tower
02:06 Halls of the Dead
02:30 Altar of Darkness
02:45 Ziggurat
03:39 Nerubian Tower
04:01 Tomb of Relics
04:31 Temple of the Damned
04:55 Slaughterhouse
04:57 Temple of the Damned
05:17 Black Citadel
05:48 Ziggurat
09:22 Graveyard
09:24 Nerubian Tower
09:28 Ziggurat
10:35 Nerubian Tower
11:32 Graveyard
11:34 Graveyard
11:41 Graveyard
13:14 Necropolis
13:19 Necropolis
14:19 Necropolis
14:28 Necropolis
14:54 Necropolis
15:41 Necropolis
15:44 Necropolis
16:05 Halls of the Dead
16:42 Halls of the Dead
17:41 Halls of the Dead
19:20 Black Citadel
21:39 Necropolis
25:25 Necropolis
27:16 Halls of the Dead
27:36 Necropolis
27:37 Necropolis
27:39 Necropolis
29:40 Graveyard
29:41 Graveyard
29:54 Halls of the Dead
30:34 Halls of the Dead
31:06 Halls of the Dead
32:20 Temple of the Damned
32:22 Slaughterhouse
32:55 Altar of Darkness
33:24 Graveyard
33:26 Graveyard
33:28 Graveyard
33:31 Graveyard
35:42 Crypt
38:27 Slaughterhouse
38:47 Ziggurat
38:50 Ziggurat
39:03 Altar of Darkness
39:45 Nerubian Tower
41:02 Tomb of Relics
» items
ToweredCoward (
orange | 53 APM | 2626 actions | 49:39)
10 Paladin
3 Holy Light
3 Divine Shield
1 Resurrection
3 Devotion Aura
» actions
| Assign group hotkey | 94 | |
| Basic commands | 105 | |
| Build / train | 115 | |
| Enter build submenu | 70 | |
| Enter hero's abilities submenu | 10 | |
| Remove unit from queue | 1 | |
| Right click | 1061 | |
| Select / deselect | 617 | |
| Select group hotkey | 386 | |
| Use ability | 167 | |
2626 total
» units
| Peasant | 20 | |
| Mortar Team | 15 | |
| Sorceress | 2 | |
| Goblin Sapper | 2 | |
| Flying Machine | 10 | |
49 total
» upgrades
| Masonry | 3 | |
| Lumber Harvesting | 1 | |
| Gunpowder | 3 | |
| Armor | 3 | |
| Flare | 1 | |
| Sorceress Training | 1 | |
| Magic Sentry | 1 | |
| Fragmentation Shards | 1 | |
| Flak Cannons | 1 | |
| Flying Machine Bombs | 1 | |
| Plating | 3 | |
| Barrage | 1 | |
20 total
» buildings
| Scout Tower | 45 | |
| Lumber Mill | 4 | |
| Arcane Tower | 1 | |
| Guard Tower | 18 | |
| Keep | 1 | |
| Farm | 12 | |
| Blacksmith | 1 | |
| Workshop | 4 | |
| Altar of Kings | 1 | |
| Arcane Sanctum | 2 | |
| Castle | 1 | |
| Arcane Vault | 4 | |
| Town Hall | 4 | |
98 total
» build order
00:13 Scout Tower
00:20 Lumber Mill
00:35 Scout Tower
00:39 Scout Tower
00:43 Scout Tower
00:46 Scout Tower
00:49 Arcane Tower
01:26 Scout Tower
01:31 Scout Tower
01:33 Scout Tower
01:39 Scout Tower
01:48 Guard Tower
02:04 Guard Tower
02:17 Guard Tower
02:26 Guard Tower
02:37 Guard Tower
02:48 Guard Tower
02:57 Guard Tower
03:05 Guard Tower
03:53 Keep
04:20 Scout Tower
04:22 Scout Tower
04:25 Scout Tower
04:26 Scout Tower
04:30 Scout Tower
04:32 Scout Tower
04:36 Scout Tower
04:38 Scout Tower
04:42 Scout Tower
04:44 Scout Tower
05:17 Scout Tower
05:27 Guard Tower
05:28 Guard Tower
06:13 Guard Tower
06:14 Guard Tower
07:05 Farm
07:07 Farm
07:26 Guard Tower
07:40 Lumber Mill
07:58 Blacksmith
08:29 Farm
08:32 Farm
08:54 Workshop
10:53 Farm
10:54 Farm
11:53 Farm
12:23 Altar of Kings
12:32 Workshop
14:12 Arcane Sanctum
14:14 Arcane Sanctum
14:18 Castle
15:12 Lumber Mill
15:29 Lumber Mill
18:10 Arcane Vault
18:20 Town Hall
18:28 Scout Tower
18:28 Scout Tower
18:29 Scout Tower
18:29 Scout Tower
18:30 Scout Tower
18:30 Scout Tower
18:31 Scout Tower
18:31 Scout Tower
18:32 Scout Tower
18:32 Scout Tower
18:32 Scout Tower
18:33 Scout Tower
19:55 Guard Tower
21:33 Workshop
21:39 Workshop
21:42 Guard Tower
23:12 Farm
23:13 Farm
23:15 Farm
23:15 Farm
23:16 Farm
29:16 Town Hall
29:19 Scout Tower
29:19 Scout Tower
29:19 Scout Tower
29:20 Scout Tower
29:20 Scout Tower
29:21 Scout Tower
29:21 Scout Tower
29:22 Scout Tower
29:25 Arcane Vault
30:00 Guard Tower
30:30 Guard Tower
31:07 Town Hall
33:22 Arcane Vault
33:23 Arcane Vault
38:05 Scout Tower
38:06 Scout Tower
38:07 Scout Tower
44:10 Scout Tower
44:10 Scout Tower
44:52 Guard Tower
47:19 Town Hall
» items
| Scroll of Town Portal | 8 | |
| Potion of Healing | 1 | |
| Scroll of Regeneration | 2 | |
| Staff of Teleportation | 1 | |
| Boots of Speed | 1 | |
13 total
UglyZealot (
green | 36 APM | 1579 actions | 43:51)
10 Blademaster
3 Critical Strike
3 Wind Walk
1 Bladestorm
3 Mirror Image
» actions
| Assign group hotkey | 11 | |
| Basic commands | 16 | |
| Build / train | 63 | |
| ESC pressed | 1 | |
| Enter build submenu | 31 | |
| Enter hero's abilities submenu | 10 | |
| Give item / drop item | 5 | |
| Right click | 764 | |
| Select / deselect | 213 | |
| Select group hotkey | 329 | |
| Use ability | 136 | |
1579 total
» units
| Peon | 4 | |
| Grunt | 9 | |
| Goblin Shredder | 1 | |
| Troll Batrider | 5 | |
| Wind Rider | 5 | |
24 total
» upgrades
| Berserker Strength | 1 | |
| Reinforced Defenses | 1 | |
| Troll Regeneration | 1 | |
| Berserker Upgrade | 1 | |
| Armor | 1 | |
| Ranged Weapons | 1 | |
| Spiked Barricades | 2 | |
| Liquid Fire | 1 | |
| Envenomed Spears | 1 | |
10 total
» buildings
| Barracks | 2 | |
| Orc Burrow | 11 | |
| Altar of Storms | 3 | |
| Voodoo Lounge | 2 | |
| Stronghold | 1 | |
| War Mill | 1 | |
| Fortress | 1 | |
| Watch Tower | 1 | |
| Beastiary | 9 | |
31 total
» build order
00:17 Barracks
00:23 Orc Burrow
00:40 Altar of Storms
00:46 Altar of Storms
01:33 Orc Burrow
01:56 Voodoo Lounge
02:31 Orc Burrow
04:48 Stronghold
04:58 War Mill
05:32 Orc Burrow
07:17 Fortress
09:59 Barracks
11:22 Orc Burrow
13:04 Watch Tower
14:29 Altar of Storms
16:54 Beastiary
20:30 Beastiary
20:34 Beastiary
20:50 Voodoo Lounge
21:43 Beastiary
21:47 Beastiary
22:13 Beastiary
22:51 Beastiary
22:56 Beastiary
22:59 Beastiary
24:31 Orc Burrow
24:34 Orc Burrow
24:37 Orc Burrow
24:40 Orc Burrow
24:44 Orc Burrow
36:31 Orc Burrow
» items
| Healing Salve | 4 | |
| Boots of Speed | 1 | |
| Potion of Mana | 2 | |
| Lesser Clarity Potion | 1 | |
| Orb of Lightning | 1 | |
| Staff of Teleportation | 1 | |
| Potion of Healing | 2 | |
| Scroll of Regeneration | 2 | |
14 total

»
makaveli34 (
yellow | 40 APM | 1561 actions | 39:20)
4 Demon Hunter
2 Mana Burn
2 Evasion
5 Priestess of the Moon
3 Trueshot Aura
2 Searing Arrows
» actions
| Basic commands | 45 | |
| Build / train | 108 | |
| Enter build submenu | 32 | |
| Enter hero's abilities submenu | 9 | |
| Right click | 915 | |
| Select / deselect | 397 | |
| Use ability | 55 | |
1561 total
» units
| Wisp | 25 | |
| Archer | 10 | |
| Hippogryph | 37 | |
| Dryad | 12 | |
| Mountain Giant | 1 | |
| Glaive Thrower | 3 | |
88 total
» upgrades
| Strength of the Moon | 2 | |
| Reinforced Hides | 1 | |
| Strength of the Wild | 1 | |
| Abolish Magic | 1 | |
| Moon Armor | 2 | |
7 total
» buildings
| Moon Well | 7 | |
| Altar of Elders | 1 | |
| Ancient of War | 2 | |
| Ancient of Wonders | 1 | |
| Tree of Ages | 1 | |
| Hunter's Hall | 1 | |
| Ancient of Wind | 2 | |
| Ancient of Lore | 1 | |
| Ancient Protector | 8 | |
| Tree of Life | 3 | |
| Tree of Eternity | 1 | |
28 total
» build order
00:14 Moon Well
00:17 Altar of Elders
01:10 Ancient of War
01:31 Ancient of Wonders
01:54 Moon Well
02:51 Moon Well
04:33 Moon Well
05:17 Moon Well
05:44 Tree of Ages
06:40 Moon Well
07:56 Hunter's Hall
08:46 Ancient of Wind
09:08 Ancient of Lore
09:20 Ancient Protector
09:27 Ancient Protector
11:58 Moon Well
14:00 Tree of Life
14:02 Ancient Protector
14:04 Ancient Protector
14:08 Ancient Protector
14:37 Tree of Life
16:04 Ancient Protector
20:48 Ancient Protector
21:12 Tree of Eternity
22:02 Ancient of Wind
23:13 Ancient of War
23:20 Tree of Life
27:36 Ancient Protector
Chat log
(01:14 / Allies) makaveli34: units
(01:21 / Allies) Necropolis: necro
(01:34 / Allies) makaveli34: kk
(01:41 / Allies) makaveli34: dyrads hippos
(01:56 / Allies) Necropolis: ill try to build a forward base and siege people with skeleton waves
(02:03 / Allies) Necropolis: try to take out expos and whatnot
(02:06 / Allies) makaveli34: units
(02:10 / Allies) UglyZealot: grunts
(02:11 / All) bale: YA SHOULD BE GAH DAM
(04:16 / Allies) makaveli34: gg
(06:13 / Allies) makaveli34: ARE U FUCKING KIDDING ME
(06:18 / Allies) ToweredCoward: you started it
(06:24 / Allies) makaveli34: u fucking
(06:26 / Allies) makaveli34: prick
(06:26 / Allies) ToweredCoward: Apologize for killing my tower
(06:34 / Allies) makaveli34: fuck off
(06:38 / Allies) ToweredCoward: jerk
(06:40 / Allies) Necropolis: jesus fucking christ
(06:46 / Allies) Necropolis: just play the damn game
(06:48 / Allies) makaveli34: fucking pussy ass
(06:54 / Allies) makaveli34: killed my hero
(06:58 / Allies) ToweredCoward: You killed my tower
(07:00 / Allies) ToweredCoward: you're a bully
(07:03 / Allies) makaveli34: bro
(07:05 / Allies) makaveli34: a bully
(07:08 / Allies) makaveli34: shut the fuck up
(07:14 / Allies) makaveli34: u have all towers
(07:18 / Allies) makaveli34: fucking pussy
(07:22 / Allies) ToweredCoward: Big bully
(07:30 / Allies) makaveli34: okay pus
(07:44 / Allies) makaveli34: i am going to get siege and ruin ur base
(07:53 / Allies) ToweredCoward: See, typical bully
(08:10 / Allies) ToweredCoward: Lumber please guys
(11:45 / All) ToweredCoward: And stay out
(13:05 / All) makaveli34: wow my team is dumb
(13:20 / All) ToweredCoward: sticks and stone may break my bones
(13:23 / All) ToweredCoward: but words will never hurt me
(13:28 / All) bale: LOL
(13:31 / All) bale: i didnt see u
(13:32 / All) makaveli34: orange eat a dick
(15:24 / All) bnets-pimp: im
(18:04 / All) BoyKrogan: i give up my team was deaf
(18:17 / All) BoyKrogan: after green attacked me i had all the gold in the world but no lumber
(18:21 / All) BoyKrogan: asked for lumber
(18:23 / All) BoyKrogan: got none
(18:33 / All) BoyKrogan: then they get angry cause I have no units.... makes sense right
(18:43 / All) UglyZealot: I have no unit too
(18:50 / All) BoyKrogan: yeah but still
(18:57 / All) BoyKrogan: if they gave me lumber would have been gg
(20:10 / All) makaveli34: green has 5k
(20:18 / All) BoyKrogan: so do I
(20:21 / All) ToweredCoward: a penny saved is a penny earned
(20:21 / All) makaveli34: how can u suck at a game that is 15 years old
(20:29 / All) makaveli34: orange i dont wanna hear ur shit
(20:31 / All) makaveli34: fuck face
(22:47 / Allies) makaveli34: ...........................
(22:53 / Allies) makaveli34: ARE U KIDDING ME!!!!!!!!!!!!!!
(24:35 / All) ToweredCoward: yellow tk
(25:42 / All) Necropolis: our teammates are killing each other
(25:52 / All) Necropolis: theyve been doing it since the start
(26:19 / All) Necropolis: sorry we couldn't give you a decent game
(26:25 / All) BoyKrogan: welcome to warcraft... the place you meet terrible teamates and rarely find good ones like purple
(26:26 / All) makaveli34: teal shut the fuck up
(26:30 / All) makaveli34: jesus
(26:40 / All) makaveli34: WAH I COULDNT GIVE U A GOOD GAME
(26:44 / All) makaveli34: FUCKING PUSSY
(27:08 / All) Necropolis: he'll probably start killing me now xD
(27:15 / Allies) ToweredCoward: no
(27:17 / All) makaveli34: TEAL U HAVE NOTHING
(27:17 / Allies) ToweredCoward: yellow started it
(27:41 / Allies) ToweredCoward: I would win if yellow wasn't a faggot
(27:43 / Allies) ToweredCoward: and a bully
(27:47 / Allies) makaveli34: FUCK YOU
(28:37 / All) Necropolis: they are litterally fighting each other in orange's base
(30:24 / All) Necropolis: why don't you try to rebuild yellow
(30:36 / All) makaveli34: EAT SHIT N DIE
(30:41 / All) BoyKrogan: i was gonna 1v1 your bm
(30:55 / All) UglyZealot: bm already max level
(31:16 / All) Necropolis: good luck orange
(31:25 / Allies) ToweredCoward: kill yellow
(31:27 / Allies) ToweredCoward: and I win
(32:51 / Allies) ToweredCoward: look at this idiot
(32:57 / Allies) ToweredCoward: so I can't tp to take out the expo lmao
(33:03 / Allies) makaveli34: EAT A DICCCCCK
(33:06 / Allies) makaveli34: FUCK UUUUU
(33:08 / Allies) ToweredCoward: cutting off his nose to spite the face
(33:21 / Allies) makaveli34: YEAH OVER WARCRAFT LMAO
(33:21 / Allies) makaveli34: DIE
(33:30 / Allies) ToweredCoward: then why yo ucrying earlier? lol
(33:38 / Allies) makaveli34: U KILLED ME HERO
(33:40 / Allies) makaveli34: BULLY
(33:41 / Allies) makaveli34: BULLY
(33:43 / Allies) makaveli34: BULLY
(33:44 / Allies) makaveli34: BULLY
(33:46 / Allies) makaveli34: BULLY
(33:47 / Allies) makaveli34: BULLY
(33:47 / Allies) ToweredCoward: you killed my tower and insulted me, bully
(33:48 / Allies) makaveli34: BULLY
(33:50 / Allies) makaveli34: BULLY
(33:51 / Allies) makaveli34: BULY
(33:52 / Allies) makaveli34: BULLY
(33:54 / Allies) makaveli34: BULLY
(33:56 / Allies) makaveli34: BULLY
(33:58 / Allies) makaveli34: BULLY
(33:59 / Allies) makaveli34: BULLY
(34:33 / Allies) ToweredCoward: green kill yellow and we win
(35:09 / All) Necropolis: anyone got any lumber for me?
(35:12 / Allies) ToweredCoward: gold
(36:02 / All) Necropolis: try to hit them oj
(36:06 / All) Necropolis: i need some breathing room
(36:14 / Allies) ToweredCoward: kill yellow for me
(36:20 / Allies) ToweredCoward: he won't fuck oiff lol
(36:22 / All) Necropolis: dude just play
(37:37 / All) ToweredCoward: thx
(39:17 / Allies) makaveli34: RAPED
(39:32 / Allies) ToweredCoward: come to me
(39:46 / Allies) ToweredCoward: prevent them from expoing and we win
(40:35 / Allies) ToweredCoward: snipe the lich
(41:17 / Allies) ToweredCoward: gold me for gyro?
(41:48 / All) Necropolis: bring it red
(42:26 / Allies) UglyZealot: heal my bm orange
(43:08 / Allies) ToweredCoward: use bm
(43:10 / Allies) ToweredCoward: to prevent expos
(43:14 / Allies) UglyZealot: heal
(43:19 / Allies) ToweredCoward: come to me
(43:32 / Allies) ToweredCoward: wtf man
(43:37 / Allies) UglyZealot: i told u to heal
(43:40 / Allies) ToweredCoward: yeah man I was coming
(43:44 / Allies) ToweredCoward: but you bladestormed too soon
(43:46 / Allies) ToweredCoward: I was half second too late
(43:54 / Allies) ToweredCoward: god
(43:59 / Allies) ToweredCoward: and he doesnb't give gold lolk
(44:46 / All) ToweredCoward: I should have just tked yellow and left
(45:25 / All) ToweredCoward: Wtf was green doing there anyway
(45:32 / All) ToweredCoward: running around in circles
(45:41 / All) BoyKrogan: trying not to die
(45:43 / All) ToweredCoward: I said come to me and then he said heal when I was heading north
(45:46 / All) ToweredCoward: then he went fucking bladestorm
(45:54 / All) ToweredCoward: I was half second too late on heal
(45:58 / All) ToweredCoward: pally was doing motion
(46:05 / Allies) ToweredCoward: give your gold
(46:13 / All) Necropolis: gg guys
(46:16 / All) G13M: Gg
(46:16 / All) Necropolis: well played
(46:17 / Allies) ToweredCoward: give your gold
(46:30 / Allies) ToweredCoward: and lumb
(46:33 / Allies) ToweredCoward: thx
(46:48 / All) Necropolis: give me 75 back so i can build a worker lol
(46:55 / All) BoyKrogan: lol
(47:00 / All) BoyKrogan: this game was epic
(47:12 / All) ToweredCoward: yellow threw a shit fit lol
(47:19 / All) Necropolis: I really like that necropolis at chokes strategy
(47:26 / All) ToweredCoward: we would have won literally if he wasn't such a pussy
(47:55 / All) Necropolis: you should do what damae you can while they're busy finishing my base
(48:12 / Allies) ToweredCoward: I have nothing and you're talking in all lawl
(48:25 / Allies) Necropolis: lol whoops
(49:28 / All) ToweredCoward: aweomse
(49:37 / All) ToweredCoward: and I'm about to drop